[ AOE2 MATCH · #483965559 ]
Team RMTeutons vs Wei
[ REPLAY ANALYSIS · EXTRACTED FROM THE RECORDED GAME ]
Feudal
15:44
Castle
22:10
Imperial
—
| APM avg | 13.8 |
| APM peak | 40 |
| eAPM avg | 8.8 |
| Villagers / military | 71 / 29 |
Focus
⚔️ 16.8% · 🌾 83.2%
Skirmisher ×20 · Teutonic Knight ×7 · Spearman ×2
Feudal
18:01
Castle
22:04
Imperial
34:03
| APM avg | 18.4 |
| APM peak | 49 |
| eAPM avg | 13.3 |
| Villagers / military | 118 / 54 |
Focus
⚔️ 14.8% · 🌾 85.2%
Bolas Rider ×51 · Monk ×2 · Trebuchet (Packed) ×1
Feudal
12:15
Castle
18:17
Imperial
39:45
| APM avg | 23.1 |
| APM peak | 56 |
| eAPM avg | 12.0 |
| Villagers / military | 86 / 65 |
Focus
⚔️ 23.4% · 🌾 76.6%
Archer ×54 · Battering Ram ×7 · Trebuchet (Packed) ×3 · Trade Cart ×2 · Mangonel ×1
Feudal
16:44
Castle
26:04
Imperial
41:19
| APM avg | 13.0 |
| APM peak | 44 |
| eAPM avg | 9.8 |
| Villagers / military | 75 / 0 |
Focus
⚔️ 17.7% · 🌾 82.3%
Unknown (1949) ×45 · Trade Cart ×7
Match map
Initial resources + every placement click. Lines = walls · curves = elevation contours. ◆ gold · ⬟ stone · ● berries · ✦ relic · ◌ wall gap
Your base· ✓ Closed at 22:10 · 38t walls · no gate
Martin Dlouhý's base· ✓ Closed at 22:04 · 17t walls · no gate
Special Air (SAS)'s base· ✓ Closed at 18:17 · 19t walls · no gate
SpartaninPL's base· ✓ Closed at 26:04 · 38t walls · no gate
Smoothed initial terrain · ◌ = detected wall gap · hover for details
Inputs per minute
— Jxe CZ [KLSCI] - - Martin Dlouhý
Build order — Jxe CZ [KLSCI]
146 actions detected in the replay
| 0:49 | Research | Loom |
| 0:49 | Create | Villager (Male) |
| 0:50 | Create | Villager (Male) |
| 0:50 | Create | Villager (Male) |
| 0:50 | Create | Villager (Male) |
| 1:59 | Build | Palisade Wall |
| 2:32 | Build | Palisade Wall |
| 2:53 | Build | House |
| 2:54 | Build | House |
| 2:56 | Build | House |
| 2:59 | Build | House |
| 4:44 | Create | Villager (Male) |
| 4:44 | Create | Villager (Male) |
| 4:44 | Create | Villager (Male) |
| 5:39 | Build | Palisade Wall |
| 5:45 | Build | Palisade Wall |
| 6:16 | Build | House |
| 6:18 | Build | House |
| 6:20 | Build | House |
| 6:58 | Create | Villager (Male) |
| 6:58 | Create | Villager (Male) |
| 6:58 | Create | Villager (Male) |
| 6:59 | Create | Villager (Male) |
| 7:36 | Create | Villager (Male) |
| 7:37 | Create | Villager (Male) |
| 8:09 | Build | House |
| 8:11 | Build | House |
| 8:37 | Create | Villager (Male) |
| 8:37 | Create | Villager (Male) |
| 8:37 | Create | Villager (Male) |
| 9:04 | Build | House |
| 9:35 | Build | House |
| 11:10 | Create | Villager (Male) |
| 12:33 | Build | Mill |
| 12:44 | Build | Lumber Camp |
| 13:01 | Build | Mill |
| 13:34 | Research | Feudal Age |
| 15:37 | Create | Villager (Male) |
| 15:37 | Create | Villager (Male) |
| 15:38 | Create | Villager (Male) |
| 15:39 | Create | Villager (Male) |
| 15:39 | Create | Villager (Male) |
| 15:44 | Age | Feudal Age |
| 16:08 | Build | Stone Wall |
| 16:46 | Build | Market |
| 17:10 | Create | Villager (Male) |
| 17:11 | Create | Villager (Male) |
| 17:11 | Create | Villager (Male) |
| 17:25 | Build | Mining Camp |
| 18:05 | Build | Farm |
| 18:33 | Build | Farm |
| 18:42 | Create | Villager (Male) |
| 18:52 | Build | Blacksmith |
| 19:21 | Build | Stone Wall |
| 19:30 | Research | Castle Age |
| 19:46 | Build | Mining Camp |
| 20:27 | Build | Farm |
| 20:27 | Build | Farm |
| 20:28 | Build | Farm |
| 20:29 | Build | Farm |
| 20:30 | Build | Farm |
| 20:31 | Build | Farm |
| 20:54 | Research | Stone Mining |
| 22:10 | Age | Castle Age |
| 22:20 | Build | Farm |
| 22:26 | Research | Stone Shaft Mining |
| 22:29 | Create | Villager (Male) |
| 22:30 | Create | Villager (Male) |
| 23:06 | Build | Farm |
| 23:12 | Create | Villager (Male) |
| 23:37 | Create | Villager (Male) |
| 23:50 | Build | Farm |
| 24:08 | Create | Villager (Male) |
| 24:20 | Build | Farm |
| 24:44 | Build | Farm |
| 25:05 | Create | Villager (Male) |
| 25:07 | Create | Villager (Male) |
| 25:14 | Create | Villager (Male) |
| 25:39 | Build | Farm |
| 25:53 | Build | Castle |
| 26:27 | Create | Villager (Male) |
| 26:27 | Create | Villager (Male) |
| 26:27 | Create | Villager (Male) |
| 26:32 | Build | Farm |
| 27:01 | Build | Town Center |
| 27:18 | Create | Villager (Male) |
| 27:18 | Create | Villager (Male) |
| 27:27 | Research | Gold Mining |
| 27:30 | Research | Double-Bit Axe |
| 27:45 | Research | Fletching |
| 27:59 | Create | Villager (Male) |
| 27:59 | Create | Villager (Male) |
| 28:00 | Create | Villager (Male) |
| 28:00 | Create | Villager (Male) |
| 28:10 | Build | Town Center |
| 29:02 | Research | Bodkin Arrow |
| 29:06 | Build | Farm |
| 29:07 | Build | Farm |
| 29:16 | Create | Villager (Male) ×5 |
| 29:16 | Create | Villager (Male) ×2 |
| 29:23 | Build | Farm |
| 29:58 | Create | Villager (Male) ×4 |
| 30:14 | Build | Farm |
| 30:19 | Build | Farm |
| 30:22 | Build | Farm |
| 30:42 | Build | Farm |
| 30:48 | Build | Farm |
| 30:48 | Build | Farm |
| 30:53 | Create | Villager (Male) ×5 |
| 31:12 | Build | Castle |
| 31:16 | Build | Mining Camp |
| 31:31 | Create | Villager (Male) ×5 |
| 31:54 | Create | Teutonic Knight |
| 31:54 | Create | Teutonic Knight |
| 31:54 | Create | Teutonic Knight |
| 32:26 | Build | House |
| 34:11 | Build | Farm |
| 34:19 | Build | Barracks |
| 34:38 | Research | Padded Archer Armor |
| 34:48 | Create | Villager (Male) |
| 34:48 | Create | Villager (Male) |
| 34:49 | Create | Villager (Male) |
| 34:49 | Create | Villager (Male) |
| 34:49 | Create | Villager (Male) |
| 34:49 | Create | Villager (Male) |
| 34:50 | Create | Villager (Male) |
| 34:54 | Build | Archery Range |
| 34:55 | Build | Archery Range |
| 35:34 | Research | Elite Skirmisher (upgrade) |
| 36:00 | Create | Skirmisher ×5 |
| 36:00 | Create | Skirmisher ×5 |
| 36:00 | Create | Skirmisher ×5 |
| 36:00 | Create | Skirmisher ×2 |
| 36:09 | Build | House |
| 36:10 | Build | House |
| 36:10 | Build | House |
| 36:12 | Build | House |
| 36:13 | Build | House |
| 36:41 | Create | Skirmisher ×3 |
| 38:38 | Create | Spearman |
| 38:53 | Build | Lumber Camp |
| 39:50 | Create | Teutonic Knight |
| 39:51 | Create | Teutonic Knight |
| 39:51 | Create | Teutonic Knight |
| 39:51 | Create | Teutonic Knight |
| 40:23 | Create | Spearman |
Build order — Martin Dlouhý
First 150 of 248 actions detected
| 0:02 | Create | Villager (Male) |
| 0:03 | Research | Loom |
| 0:04 | Create | Villager (Male) |
| 0:07 | Build | House |
| 0:08 | Build | House |
| 0:57 | Create | Villager (Male) |
| 0:57 | Create | Villager (Male) |
| 2:02 | Create | Villager (Male) |
| 2:40 | Create | Villager (Male) |
| 3:16 | Create | Villager (Male) |
| 3:16 | Create | Villager (Male) |
| 4:14 | Create | Villager (Male) |
| 4:46 | Build | Palisade Wall |
| 4:54 | Build | Palisade Wall |
| 5:14 | Create | Villager (Male) |
| 5:49 | Create | Villager (Male) |
| 6:12 | Create | Villager (Male) |
| 6:48 | Create | Villager (Male) |
| 6:48 | Create | Villager (Male) |
| 7:24 | Build | Settlement |
| 7:29 | Create | Villager (Male) |
| 7:40 | Create | Villager (Male) |
| 8:14 | Create | Villager (Male) |
| 8:43 | Create | Villager (Male) |
| 9:03 | Create | Villager (Male) |
| 9:16 | Build | House |
| 9:18 | Build | House |
| 9:28 | Build | House |
| 9:34 | Build | House |
| 9:40 | Create | Villager (Male) |
| 9:45 | Build | House |
| 9:48 | Build | House |
| 9:49 | Build | House |
| 10:06 | Create | Villager (Male) |
| 10:42 | Create | Villager (Male) |
| 11:03 | Build | Settlement |
| 11:13 | Create | Villager (Male) |
| 11:47 | Create | Villager (Male) |
| 12:13 | Create | Villager (Male) |
| 12:13 | Create | Villager (Male) |
| 12:34 | Create | Villager (Male) |
| 12:53 | Create | Villager (Male) |
| 12:53 | Create | Villager (Male) |
| 13:31 | Build | Settlement |
| 13:37 | Create | Villager (Male) |
| 13:38 | Create | Villager (Male) |
| 14:17 | Create | Villager (Male) |
| 14:54 | Create | Villager (Male) |
| 15:18 | Build | Settlement |
| 15:25 | Create | Villager (Male) |
| 15:51 | Research | Feudal Age |
| 16:54 | Create | Villager (Male) |
| 16:54 | Create | Villager (Male) |
| 17:33 | Build | Barracks |
| 18:01 | Age | Feudal Age |
| 18:08 | Build | Blacksmith |
| 18:39 | Build | Archery Range |
| 18:56 | Create | Villager (Male) |
| 19:24 | Research | Castle Age |
| 19:52 | Build | Farm |
| 19:53 | Build | Farm |
| 19:58 | Research | Double-Bit Axe |
| 20:01 | Research | Horse Collar |
| 20:50 | Research | Stone Mining |
| 21:51 | Create | Villager (Male) |
| 22:04 | Age | Castle Age |
| 22:07 | Build | Town Center |
| 22:19 | Build | Farm |
| 22:19 | Build | Farm |
| 22:20 | Build | Farm |
| 22:20 | Build | Farm |
| 22:20 | Build | Farm |
| 22:20 | Build | Farm |
| 22:20 | Build | Farm |
| 22:21 | Build | Farm |
| 22:21 | Build | Farm |
| 22:33 | Create | Villager (Male) |
| 22:34 | Create | Villager (Male) |
| 22:48 | Build | Farm |
| 23:20 | Create | Villager (Male) |
| 23:20 | Create | Villager (Male) |
| 23:27 | Build | Farm |
| 23:30 | Build | Farm |
| 23:32 | Build | Farm |
| 23:38 | Create | Villager (Male) |
| 23:39 | Create | Villager (Male) |
| 23:49 | Build | Farm |
| 23:51 | Create | Villager (Male) |
| 24:04 | Create | Villager (Male) |
| 24:22 | Build | Monastery |
| 24:29 | Create | Villager (Male) |
| 24:37 | Create | Villager (Male) |
| 24:58 | Build | Farm |
| 25:02 | Build | Farm |
| 25:03 | Create | Villager (Male) |
| 25:09 | Build | Farm |
| 25:11 | Create | Monk |
| 25:11 | Create | Monk |
| 25:13 | Create | Villager (Male) |
| 25:23 | Create | Villager (Male) |
| 25:34 | Build | Town Center |
| 25:38 | Create | Villager (Male) |
| 25:39 | Create | Villager (Male) |
| 25:47 | Build | Farm |
| 25:51 | Create | Villager (Male) |
| 25:51 | Create | Villager (Male) |
| 26:09 | Create | Villager (Male) |
| 26:10 | Research | Town Watch |
| 26:32 | Create | Villager (Male) |
| 26:35 | Build | Farm |
| 26:37 | Build | Farm |
| 26:40 | Build | Farm |
| 26:44 | Build | Farm |
| 26:47 | Build | Farm |
| 26:48 | Create | Villager (Male) |
| 26:48 | Create | Villager (Male) |
| 27:12 | Create | Villager (Male) |
| 27:17 | Research | Wheelbarrow |
| 27:27 | Create | Villager (Male) |
| 27:37 | Create | Villager (Male) |
| 27:43 | Build | Farm |
| 27:44 | Build | Farm |
| 27:44 | Build | Farm |
| 27:44 | Build | Farm |
| 27:44 | Build | Farm |
| 27:45 | Build | Farm |
| 27:51 | Create | Villager (Male) |
| 27:53 | Create | Villager (Male) |
| 28:01 | Create | Villager (Male) |
| 28:24 | Create | Villager (Male) |
| 28:36 | Create | Villager (Male) |
| 28:50 | Create | Villager (Male) |
| 28:50 | Create | Villager (Male) |
| 28:56 | Build | Town Center |
| 28:59 | Create | Villager (Male) |
| 29:05 | Build | University |
| 29:08 | Create | Villager (Male) |
| 29:08 | Create | Villager (Male) |
| 29:14 | Create | Villager (Male) |
| 29:14 | Create | Villager (Male) |
| 29:34 | Build | Farm |
| 29:36 | Create | Villager (Male) |
| 29:48 | Create | Villager (Male) |
| 30:07 | Create | Villager (Male) |
| 30:07 | Create | Villager (Male) |
| 30:24 | Build | Castle |
| 30:26 | Create | Villager (Male) |
| 30:42 | Build | House |
| 30:43 | Build | House |
| 30:44 | Build | House |
Build order — Special Air (SAS)
First 150 of 247 actions detected
| 0:02 | Create | Villager (Male) |
| 0:03 | Research | Loom |
| 0:03 | Create | Villager (Male) |
| 0:03 | Create | Villager (Male) |
| 0:09 | Build | House |
| 0:13 | Build | House |
| 1:05 | Create | Villager (Male) |
| 2:30 | Create | Villager (Male) |
| 2:30 | Create | Villager (Male) |
| 2:42 | Build | Palisade Wall |
| 2:48 | Create | Villager (Male) |
| 4:08 | Create | Villager (Male) |
| 4:08 | Create | Villager (Male) |
| 4:08 | Create | Villager (Male) |
| 4:09 | Create | Villager (Male) |
| 4:41 | Create | Villager (Male) |
| 5:27 | Build | House |
| 5:59 | Create | Villager (Male) |
| 5:59 | Create | Villager (Male) |
| 6:00 | Create | Villager (Male) |
| 6:00 | Create | Villager (Male) |
| 6:18 | Build | Lumber Camp |
| 7:14 | Create | Villager (Male) |
| 7:15 | Create | Villager (Male) |
| 7:15 | Create | Villager (Male) |
| 7:15 | Create | Villager (Male) |
| 7:22 | Build | House |
| 7:33 | Build | Mill |
| 8:47 | Create | Villager (Male) |
| 9:27 | Create | Villager (Male) |
| 10:05 | Research | Feudal Age |
| 10:21 | Create | Villager (Male) |
| 12:07 | Build | House |
| 12:15 | Age | Feudal Age |
| 12:28 | Build | Stone Wall |
| 12:32 | Create | Villager (Male) |
| 12:33 | Create | Villager (Male) |
| 12:51 | Build | Blacksmith |
| 13:14 | Build | Market |
| 13:20 | Create | Villager (Male) |
| 13:35 | Create | Villager (Male) |
| 14:10 | Create | Villager (Male) |
| 14:11 | Create | Villager (Male) |
| 14:25 | Build | Mining Camp |
| 15:12 | Create | Villager (Male) |
| 15:15 | Research | Castle Age |
| 16:24 | Build | Lumber Camp |
| 16:58 | Build | Mill |
| 17:25 | Build | Stone Wall |
| 17:43 | Build | House |
| 17:45 | Build | House |
| 17:49 | Build | House |
| 17:51 | Build | House |
| 17:58 | Create | Villager (Male) |
| 17:59 | Research | Wheelbarrow |
| 18:04 | Research | Horse Collar |
| 18:08 | Research | Double-Bit Axe |
| 18:17 | Age | Castle Age |
| 18:45 | Research | Bow Saw |
| 18:53 | Build | Town Center |
| 19:20 | Build | Mining Camp |
| 19:26 | Create | Villager (Male) |
| 19:40 | Create | Villager (Male) |
| 19:40 | Create | Villager (Male) |
| 19:40 | Create | Villager (Male) |
| 20:14 | Build | Farm |
| 20:17 | Create | Villager (Male) |
| 20:19 | Create | Villager (Male) |
| 20:30 | Build | Farm |
| 20:54 | Build | Farm |
| 20:56 | Build | Farm |
| 20:59 | Build | Farm |
| 21:00 | Build | Farm |
| 21:05 | Build | Farm |
| 21:07 | Build | Farm |
| 21:11 | Create | Villager (Male) |
| 21:11 | Create | Villager (Male) |
| 21:22 | Build | Farm |
| 21:38 | Build | Barracks |
| 22:00 | Build | Stone Wall |
| 22:08 | Create | Villager (Male) |
| 22:09 | Create | Villager (Male) |
| 22:17 | Build | Farm |
| 22:22 | Build | Farm |
| 22:28 | Build | Farm |
| 22:43 | Build | Archery Range |
| 22:46 | Build | Archery Range |
| 22:50 | Build | Siege Workshop |
| 22:56 | Create | Villager (Male) |
| 23:00 | Build | Farm |
| 23:04 | Build | Farm |
| 23:08 | Create | Villager (Male) |
| 23:10 | Create | Villager (Male) |
| 23:10 | Create | Villager (Male) |
| 23:29 | Build | Stone Wall |
| 23:39 | Build | Farm |
| 23:41 | Create | Villager (Male) |
| 23:44 | Create | Villager (Male) |
| 23:49 | Create | Villager (Male) |
| 23:49 | Create | Villager (Male) |
| 24:23 | Research | Heavy Plow |
| 24:28 | Build | Farm |
| 24:29 | Build | Farm |
| 24:34 | Create | Villager (Male) |
| 24:38 | Create | Villager (Male) |
| 24:39 | Create | Villager (Male) |
| 24:44 | Build | Farm |
| 24:45 | Build | Farm |
| 24:59 | Build | Mining Camp |
| 25:02 | Create | Villager (Male) |
| 25:07 | Create | Villager (Male) |
| 25:23 | Build | Archery Range |
| 25:35 | Research | Crossbowman (upgrade) |
| 25:48 | Create | Villager (Male) |
| 25:48 | Create | Villager (Male) |
| 25:55 | Create | Villager (Male) |
| 25:56 | Create | Villager (Male) |
| 26:15 | Build | Town Center |
| 26:22 | Build | House |
| 26:23 | Build | House |
| 26:24 | Build | House |
| 26:25 | Build | House |
| 26:26 | Build | House |
| 26:27 | Build | House |
| 26:36 | Research | Thumb Ring |
| 26:38 | Create | Battering Ram |
| 26:39 | Create | Battering Ram |
| 26:49 | Research | Fletching |
| 27:04 | Research | Gold Mining |
| 27:26 | Create | Battering Ram |
| 27:30 | Create | Archer ×5 |
| 27:30 | Create | Archer ×5 |
| 27:30 | Create | Archer ×3 |
| 28:11 | Research | Hand Cart |
| 28:12 | Create | Villager (Male) |
| 28:12 | Create | Villager (Male) |
| 28:17 | Create | Villager (Male) |
| 28:18 | Create | Villager (Male) |
| 28:28 | Create | Villager (Male) |
| 28:28 | Create | Villager (Male) |
| 28:28 | Create | Villager (Male) |
| 28:43 | Build | Stone Wall |
| 28:49 | Build | Stone Wall |
| 29:03 | Create | Mangonel |
| 29:08 | Create | Archer |
| 29:08 | Create | Archer |
| 29:34 | Create | Archer |
| 29:34 | Create | Archer |
| 29:34 | Create | Archer |
| 29:37 | Create | Archer |
Build order — SpartaninPL
First 150 of 219 actions detected
| 0:06 | Research | Loom |
| 0:07 | Create | Villager (Male) ×4 |
| 0:16 | Build | House |
| 0:17 | Build | House |
| 1:12 | Build | Palisade Wall |
| 3:39 | Create | Villager (Male) |
| 3:39 | Create | Villager (Male) |
| 3:39 | Create | Villager (Male) |
| 3:39 | Create | Villager (Male) |
| 4:45 | Create | Villager (Male) |
| 4:45 | Create | Villager (Male) |
| 5:22 | Create | Villager (Male) |
| 5:23 | Create | Villager (Male) |
| 5:23 | Create | Villager (Male) |
| 5:59 | Build | Mill |
| 6:28 | Create | Villager (Male) |
| 6:28 | Create | Villager (Male) |
| 6:28 | Create | Villager (Male) |
| 7:04 | Create | Villager (Male) |
| 7:04 | Create | Villager (Male) |
| 7:05 | Create | Villager (Male) |
| 7:16 | Build | Palisade Wall |
| 7:35 | Create | Villager (Male) |
| 7:35 | Create | Villager (Male) |
| 7:35 | Create | Villager (Male) |
| 8:09 | Build | Palisade Wall |
| 8:41 | Build | Palisade Wall |
| 9:44 | Build | Palisade Wall |
| 9:49 | Build | Palisade Wall |
| 10:03 | Create | Villager (Male) |
| 10:03 | Create | Villager (Male) |
| 10:04 | Create | Villager (Male) |
| 10:21 | Build | House |
| 10:31 | Create | Villager (Male) |
| 11:17 | Build | House |
| 12:08 | Create | Villager (Male) |
| 12:29 | Create | Villager (Male) |
| 13:01 | Create | Villager (Male) |
| 13:07 | Build | House |
| 13:41 | Build | Lumber Camp |
| 14:28 | Research | Feudal Age |
| 14:36 | Build | Mill |
| 14:46 | Build | Mill |
| 15:29 | Create | Villager (Male) |
| 15:30 | Create | Villager (Male) |
| 15:30 | Create | Villager (Male) |
| 15:39 | Build | House |
| 15:42 | Build | House |
| 16:44 | Age | Feudal Age |
| 16:49 | Build | Stone Wall |
| 17:02 | Research | Double-Bit Axe |
| 17:13 | Build | Mining Camp |
| 17:28 | Research | Horse Collar |
| 17:39 | Build | Stone Wall |
| 17:52 | Create | Villager (Male) |
| 18:00 | Create | Villager (Male) |
| 18:20 | Build | Mill |
| 18:23 | Create | Villager (Male) |
| 19:16 | Build | Mining Camp |
| 19:19 | Research | Gold Mining |
| 19:20 | Research | Stone Mining |
| 19:23 | Create | Villager (Male) |
| 19:47 | Research | Wheelbarrow |
| 20:01 | Build | House |
| 20:30 | Build | Farm |
| 20:31 | Build | Farm |
| 20:31 | Build | Farm |
| 20:32 | Build | Farm |
| 20:32 | Build | Farm |
| 20:33 | Build | Farm |
| 20:40 | Build | Market |
| 20:54 | Create | Villager (Male) |
| 20:54 | Create | Villager (Male) |
| 22:09 | Create | Villager (Male) |
| 22:09 | Create | Villager (Male) |
| 22:10 | Create | Villager (Male) |
| 22:21 | Build | Blacksmith |
| 22:43 | Build | House |
| 23:08 | Build | Mill |
| 23:14 | Research | Castle Age |
| 24:56 | Create | Villager (Male) |
| 24:56 | Create | Villager (Male) |
| 24:56 | Create | Villager (Male) |
| 25:11 | Build | Lumber Camp |
| 25:39 | Build | Barracks |
| 26:04 | Age | Castle Age |
| 26:12 | Create | Villager (Male) |
| 26:31 | Research | Bow Saw |
| 26:33 | Research | Heavy Plow |
| 26:37 | Research | Gold Shaft Mining |
| 26:41 | Research | Stone Shaft Mining |
| 26:48 | Build | Town Center |
| 27:42 | Create | Villager (Male) |
| 27:42 | Create | Villager (Male) |
| 27:42 | Create | Villager (Male) |
| 27:51 | Build | House |
| 28:04 | Build | Lumber Camp |
| 28:12 | Create | Villager (Male) |
| 28:17 | Build | Farm |
| 28:18 | Build | Farm |
| 28:23 | Build | Farm |
| 28:23 | Build | Farm |
| 28:24 | Build | Farm |
| 28:29 | Build | Farm |
| 28:46 | Create | Villager (Male) |
| 28:47 | Create | Villager (Male) |
| 28:47 | Create | Villager (Male) |
| 28:52 | Create | Villager (Male) |
| 29:07 | Research | Hand Cart |
| 29:19 | Build | Castle |
| 29:33 | Create | Villager (Male) |
| 29:43 | Create | Villager (Male) |
| 30:14 | Build | Stable |
| 30:20 | Research | Forging |
| 30:35 | Build | House |
| 30:45 | Build | House |
| 30:46 | Build | House |
| 30:48 | Create | Villager (Male) |
| 30:48 | Create | Villager (Male) |
| 30:51 | Create | Villager (Male) |
| 30:51 | Create | Villager (Male) |
| 30:51 | Create | Villager (Male) |
| 30:59 | Create | Villager (Male) |
| 30:59 | Create | Villager (Male) |
| 31:19 | Research | Bloodlines |
| 31:19 | Research | Husbandry |
| 31:29 | Build | University |
| 31:34 | Build | Farm |
| 31:36 | Create | Villager (Male) |
| 31:39 | Create | Villager (Male) |
| 31:55 | Build | Farm |
| 31:55 | Build | Farm |
| 31:56 | Build | Farm |
| 32:00 | Build | Farm |
| 32:06 | Build | Farm |
| 32:09 | Create | Villager (Male) |
| 32:09 | Create | Villager (Male) |
| 32:17 | Create | Unit 1949 |
| 32:18 | Create | Unit 1949 |
| 32:18 | Create | Unit 1949 |
| 32:38 | Build | House |
| 32:45 | Build | Mill |
| 32:52 | Create | Villager (Male) |
| 32:52 | Create | Villager (Male) |
| 32:58 | Create | Unit 1949 |
| 33:07 | Build | Farm |
| 33:08 | Build | Farm |
| 33:14 | Build | Farm |
| 33:27 | Create | Unit 1949 |
| 33:27 | Create | Unit 1949 |
Match timeline
| 1:12 | SpartaninPL · wall_segment Palisade Wall x9 |
| 1:59 | Jxe CZ [KLSCI] · wall_segment Palisade Wall x9 |
| 2:32 | Jxe CZ [KLSCI] · wall_segment Palisade Wall x1 |
| 2:42 | Special Air (SAS) · wall_segment Palisade Wall x5 |
| 4:46 | Martin Dlouhý · wall_segment Palisade Wall x7 |
| 4:54 | Martin Dlouhý · wall_segment Palisade Wall x10 |
| 5:39 | Jxe CZ [KLSCI] · wall_segment Palisade Wall x7 |
| 5:45 | Jxe CZ [KLSCI] · wall_segment Palisade Wall x1 |
| 7:16 | SpartaninPL · wall_segment Palisade Wall x7 |
| 8:09 | SpartaninPL · wall_segment Palisade Wall x3 |
| 8:41 | SpartaninPL · wall_segment Palisade Wall x1 |
| 9:44 | SpartaninPL · wall_segment Palisade Wall x1 |
| 9:49 | SpartaninPL · wall_segment Palisade Wall x1 |
| 12:15 | Special Air (SAS) · age_up feudal |
| 12:28 | Special Air (SAS) · wall_segment Stone Wall x8 |
| 15:44 | Jxe CZ [KLSCI] · age_up feudal |
| 16:08 | Jxe CZ [KLSCI] · wall_segment Stone Wall x11 |
| 16:44 | SpartaninPL · age_up feudal |
| 16:49 | SpartaninPL · wall_segment Stone Wall x9 |
| 17:25 | Special Air (SAS) · wall_segment Stone Wall x6 |
| 17:33 | Martin Dlouhý · first_building Barracks |
| 17:39 | SpartaninPL · wall_segment Stone Wall x7 |
| 18:01 | Martin Dlouhý · age_up feudal |
| 18:17 | Special Air (SAS) · age_up castle |
| 18:39 | Martin Dlouhý · first_building Archery Range |
| 19:01 | Jxe CZ [KLSCI] · first_market_sell 100 stone |
| 19:21 | Jxe CZ [KLSCI] · wall_segment Stone Wall x10 |
| 21:38 | Special Air (SAS) · first_building Barracks |
| 22:00 | Special Air (SAS) · wall_segment Stone Wall x5 |
| 22:04 | Martin Dlouhý · age_up castle |
| 22:10 | Jxe CZ [KLSCI] · age_up castle |
| 22:24 | SpartaninPL · first_market_sell 100 wood |
| 22:30 | SpartaninPL · first_market_buy 100 food |
| 22:43 | Special Air (SAS) · first_building Archery Range |
| 22:50 | Special Air (SAS) · first_building Siege Workshop |
| 23:29 | Special Air (SAS) · wall_segment Stone Wall x7 |
| 24:22 | Martin Dlouhý · first_building Monastery |
| 25:39 | SpartaninPL · first_building Barracks |
| 25:53 | Jxe CZ [KLSCI] · first_building Castle |
| 26:04 | SpartaninPL · age_up castle |
| 28:43 | Special Air (SAS) · wall_segment Stone Wall x8 |
| 28:49 | Special Air (SAS) · wall_segment Stone Wall x5 |
| 29:19 | SpartaninPL · first_building Castle |
| 29:55 | Special Air (SAS) · wall_segment Stone Wall x5 |
| 30:14 | SpartaninPL · first_building Stable |
| 30:24 | Martin Dlouhý · first_building Castle |
| 34:03 | Martin Dlouhý · age_up imperial |
| 34:19 | Jxe CZ [KLSCI] · first_building Barracks |
| 34:54 | Jxe CZ [KLSCI] · first_building Archery Range |
| 35:40 | Martin Dlouhý · first_market_sell 100 food |
| 35:44 | Martin Dlouhý · first_market_buy 100 wood |
| 36:22 | Special Air (SAS) · first_building Castle |
| 39:44 | Jxe CZ [KLSCI] · first_market_buy 100 food |
| 39:45 | Special Air (SAS) · age_up imperial |
| 40:02 | Special Air (SAS) · first_market_sell 100 food |
| 41:19 | SpartaninPL · age_up imperial |
| 41:56 | Jxe CZ [KLSCI] · resign |
[ AI ANALYSIS · 1 CREDIT ]
What really happened in this match?
Wolo.gg analyzes every decision: build order, eco, micro, common mistakes by bracket. Personalized analysis on WhatsApp or Discord in 30 seconds.
Civ guide
Teutons
Map guide
Black Forest
Perfil
Jugador #1469646